 Dungeon Crawl Stone Soup version 0.31-a0-971-g75a2e9a4b4 (webtiles) character file.

Game seed: 5937722270015565468

54 Xavori the Trooper (level 4, -3/33 (35) HPs)
             Began as a Djinni Chaos Knight on Oct 29, 2023.
             Was a Plaything of Xom.
             Slain by an iron imp (10 damage)
             ... summoned by Xom
             ... on level 2 of the Dungeon.
             The game lasted 00:01:38 (10138 turns).

Xavori the Trooper (Djinni Chaos Knight)           Turns: 10138, Time: 00:01:39

HP:   -3/33 (35)    AC:  5    Str: 15    XL:     4   Next: 12%
Gold: 72            EV: 12    Int: 12    God:    Xom [......] SH:  0 Dex: 14

rFire   + + .        a - +0 falchion (chaos)
rCold   x . .        (no shield)
rNeg    . . .        b - +2 leather armour
rPois   ∞            (no helmet)
rElec   .            (no cloak)
rCorr   .            (no gloves)
SInv    .            (boots unavailable)
Will    .....        (no amulet)
Stlth   +            (no ring)
HPRegen 0.25/turn    (no ring)
MPRegen 0.00/turn

%: infuse magic (-4 HP)
@: flying, studying Invocations, drained
A: sickness immunity, fire resistance 2, cold vulnerability 1, float, innate
caster, HP casting, extra vitality 1, strong 1
a: Renounce Religion


You were on level 2 of the Dungeon.
You worshipped Xom.
You were a very special plaything of Xom.
You visited 1 branch of the dungeon, and saw 2 of its levels.

You collected 72 gold pieces.

Inventory:

Hand Weapons
 a - a +0 falchion of chaos (weapon)
Armour
 b - a +2 leather armour (worn)
Wands
 i - a wand of paralysis (5)
Scrolls
 c - a scroll of butterflies
 g - 2 scrolls of poison {unknown}
 h - 3 scrolls of identify {unknown}
Potions
 d - a potion of might {unknown}
 e - a potion of enlightenment {unknown}
 f - a potion of haste {unknown}
 j - a potion of attraction {unknown}
 k - a potion of curing {unknown}
 l - a potion of heal wounds {unknown}


   Skills:
 + Level 3.3 Fighting
 + Level 3.0 Long Blades
 + Level 1.6 Armour
 + Level 2.6 Dodging
 * Level 1.0 Spellcasting
 * Level 1.0 Conjurations
 * Level 1.0 Hexes
   Level 0.0 Charms
 * Level 1.0 Summonings
 * Level 1.0 Necromancy
 * Level 1.0 Translocations
 * Level 1.0 Transmutations
 * Level 1.0 Fire Magic
 * Level 1.0 Ice Magic
 * Level 1.0 Air Magic
 * Level 1.0 Earth Magic
 * Level 1.0 Poison Magic
 + Level 0.4 Evocations


You knew the following spells:

 Your Spells              Type           Power      Damage    Failure   Level
a - Foxfire               Conj/Fire      12%        2x1d4     24%         1
Your spell library was empty.

Dungeon Overview and Level Annotations

Branches:
Dungeon (2/15)

Altars:


Innate Abilities, Weirdness & Mutations

You are immune to sickness and miasma.
You are immune to poison.
Your flesh is very heat resistant. (rF++)
You are vulnerable to cold. (rC-)
You float through the air rather than walking.
You learn spells naturally, not from books.
Your magical power is your life essence.
You have superior vitality. (+4 MHP)
Your muscles are strong. (Str +4, Int/Dex -1)


Message History

There are monsters nearby!
You slash the ufetubus! You freeze the ufetubus.
The ufetubus is almost dead.
The ufetubus hits you. x2; The quokka closely misses you.
The white imp closely misses you.
You closely miss the ufetubus.
The ufetubus is almost dead.
The ufetubus hits you but does no damage.
The ufetubus hits you. The quokka barely misses you.
The rat bites you but does no damage. The ufetubus misses you.
The ufetubus hits you but does no damage.
The white imp hits you. The white imp freezes you!
You feel a terrible chill!
You hit the ufetubus but do no damage.
The ufetubus is poisoned.
The ufetubus is almost dead.
The quokka misses you. The ufetubus barely misses you. The ufetubus misses you.
The rat barely misses you. The white imp barely misses you.
The quokka misses you. The ufetubus barely misses you. x2
The rat barely misses you.
You barely miss the ufetubus.
The ufetubus is almost dead.
The ufetubus hits you.
The ufetubus hits you but does no damage.
The iron imp hits you!
* * * LOW HITPOINT WARNING * * *
The white imp barely misses you. The quokka closely misses you.
The rat bites you.
* * * LOW HITPOINT WARNING * * *
You are too injured to fight recklessly!
Unknown command.
You are too injured to fight recklessly!
Unknown command.
Unknown command.
You hit the white imp but do no damage.
You kill the ufetubus!
The ufetubus disappears in a puff of smoke!
The quokka closely misses you.
The white imp lashes its tail.
The white imp hits you but does no damage.
The iron imp hits you!
You die...

+........ #........
#........ #........
#........ #........
#########5r....#.
##.......§@r......
####........5......#.
#....................
#....................
#.......#.#.#.#......
#......).............
#.......#.#.#.#.#####
#...............##
#.......#.#.#.#..##########


You could see an iron imp (summoned), a white imp (summoned), a quokka and a
rat.

Vanquished Creatures
  2 adders (D:2)
  A dart slug (D:1)
  A ball python (D:2)
  4 bats
  3 endoplasms
  2 giant cockroaches
  5 goblins (D:1)
  3 jackals (D:1)
  2 quokkas (D:1)
  A frilled lizard (D:1)
  4 kobolds
  4 rats (D:1)
32 creatures vanquished.

Notes
Turn   | Place    | Note
-------+----------+-------------------------------------------
     0 | D:1      | Xavori the Djinni Chaos Knight began the quest for the Orb.
     0 | D:1      | Reached XP level 1. HP: 20/20 MP: 0/0
   240 | D:1      | XOM: silly message
   257 | D:1      | Reached XP level 2. HP: 22/25 MP: 0/0
   287 | D:1      | XOM: cloud trail
   320 | D:1      | XOM: silly message
   698 | D:1      | Reached XP level 3. HP: 28/30 MP: 0/0
   698 | D:1      | Learned a level 1 spell: Foxfire
   781 | D:1      | XOM: silly message
   913 | D:1      | XOM: silly message
  1073 | D:1      | XOM: silly message
  1680 | D:1      | XOM: divination: detect items
  2352 | D:1      | XOM: divination: detect creatures
  2480 | D:1      | XOM: noise
  2813 | D:1      | XOM: divination: detect items
  2949 | D:1      | XOM: silly message
  3394 | D:1      | XOM: silly message
  3905 | D:1      | XOM: divination: detect creatures
  4720 | D:1      | XOM: silly message
  4760 | D:1      | XOM: noise
  4771 | D:1      | XOM: silly message
  5318 | D:1      | XOM: god gift: manual of Invocations
  5374 | D:1      | XOM: divination: magic mapping
  5650 | D:1      | XOM: god gift: spear {god gift}
  6627 | D:1      | XOM: god gift: wand of paralysis (5)
  6878 | D:1      | XOM: summons 2 hostile demons
  7024 | D:2      | XOM is BORED!
  7024 | D:2      | XOM: summons 2 hostile demons
  7025 | D:2      | Noticed a smoke demon
  7196 | D:1      | XOM: draining
  7380 | D:1      | XOM: give mutation
  7380 | D:1      | Gained mutation: Your muscles are strong. (Str +4, Int/Dex
                  | -1) [Xom's mischief]
  8193 | D:1      | XOM: summons 3 hostile shadow creatures
  9180 | D:1      | XOM: summons 2 hostile demons
  9251 | D:2      | XOM: summons 1 hostile demon
  9791 | D:1      | XOM: torment (14/25 hp)
  9897 | D:2      | XOM: chaos cloud
  9904 | D:2      | Reached skill level 1 in Spellcasting
  9904 | D:2      | Reached skill level 1 in Conjurations
  9904 | D:2      | Reached skill level 1 in Hexes
  9904 | D:2      | Reached skill level 1 in Summonings
  9904 | D:2      | Reached skill level 1 in Necromancy
  9904 | D:2      | Reached skill level 1 in Translocations
  9904 | D:2      | Reached skill level 1 in Transmutations
  9904 | D:2      | Reached skill level 1 in Fire Magic
  9904 | D:2      | Reached skill level 1 in Ice Magic
  9904 | D:2      | Reached skill level 1 in Air Magic
  9904 | D:2      | Reached skill level 1 in Earth Magic
  9904 | D:2      | Reached skill level 1 in Poison Magic
 10097 | D:2      | Reached XP level 4. HP: 30/33 MP: 0/0
 10133 | D:2      | XOM: summons 3 hostile demons
 10138 | D:2      | Slain by an iron imp

Illustrated notes

Levels and vault maps discovered:
D:1:      dpeg_arrival_more_subterranean_lakeside_camping, layout_loops_ring
D:2:      cheibrodos_greedy_goblins, layout_basic,
          shapermc_ecumenical_altar_petra, serial_glass, glass_columns_b,
          glass_columns_b, glass_columns_a, glass_columns_b, glass_columns_b,
          glass_columns_a, glass_columns_b, glass_columns_c, glass_columns_a,
          glass_columns_a, serial_bayou_ford_a

Skill      XL: |  1  2  3 |
---------------+----------+-----
Spellcasting   | 1 |  1.0
Conjurations   | 1 |  1.0
Hexes          | 1 |  1.0
Summonings     | 1 |  1.0
Necromancy     | 1 |  1.0
Translocations | 1 |  1.0
Transmutations | 1 |  1.0
Fire Magic     | 1 |  1.0
Ice Magic      | 1 |  1.0
Air Magic      | 1 |  1.0
Earth Magic    | 1 |  1.0
Poison Magic   | 1 |  1.0
Long Blades    | 3 |  3.0
Fighting       | |  3.3
Armour         | |  1.6
Dodging        | |  2.6
Evocations     | |  0.4

Action                     |  1- 3 |  4- 6 || total
---------------------------+-------+-------++-------
  Melee: Falchion          |   133 |     8 ||   141
 Armour: Leather armour    |    94 |    14 ||   108
  Dodge: Dodged            |    93 |    21 ||   114

Table legend: (Time is in decaauts)
 A = Elapsed time spent in this place.
 B = Non-inter-level travel time spent in this place.
 C = Inter-level travel time spent in this place.
 D = Time resting spent in this place.
 E = Time spent auto-exploring this place.
 F = Levels seen in this place.
 G = Mean time per level.
                   A        B        C        D        E       F      G
               +--------+--------+--------+--------+--------+-----+--------+
         Total |  10181 |  10167 |     14 |   9152 |    701 |   2 | 5090.5 |
       Dungeon |  10181 |  10167 |     14 |   9152 |    701 |   2 | 5090.5 |
               +--------+--------+--------+--------+--------+-----+--------+

Top non-repeatable levels by time:
     D:1: 9628 daAuts
     D:2: 552 daAuts
